 Dungeon Crawl Stone Soup version 0.21.1-1-g345015fe64 (webtiles) character file.

3168 Gargoyl the Agent of Entropy (level 9, 0/74 HPs)
             Began as a Centaur Abyssal Knight on June 16, 2018.
             Was a Priest of Lugonu.
             Succumbed to a water moccasin's poison
             ... on level 7 of the Dungeon.
             The game lasted 00:18:24 (11812 turns).

Gargoyl the Agent of Entropy (CeAK)                Turns: 11812, Time: 00:18:25

Health: 0/74       AC: 15    Str: 17    XL:     9   Next: 63%
Magic:  14/14      EV:  6    Int: 11    God:    Lugonu [***...]
Gold:   204        SH:  0    Dex: 10    Spells: 8/8 levels left

rFire    . . .     SeeInvis .   p - +0 falchion (elec)
rCold    . . .     Gourm    .   (no shield)
rNeg     . . .     Faith    .   q - +0 chain mail
rPois    .         Spirit   .   g - +1 hat
rElec    .         Reflect  .   s - +2 cloak
rCorr    .         Harm     .   w - +0 pair of gloves
MR       +....                  (no barding)
Stlth    ..........             (no amulet)
HPRegen  0.22/turn              b - ring of protection from magic
MPRegen  0.14/turn              (no ring)

@: lethally poisoned (0 -> -13), very quick
A: large, hooves 3, deformed body, speed 2, tough skin 3
a: Depart the Abyss, Bend Space, Banish, Renounce Religion


You were on level 7 of the Dungeon.
You worshipped Lugonu.
Lugonu was most pleased with you.
You were very hungry.

You visited 1 branch of the dungeon, and saw 8 of its levels.
You visited the Abyss 1 time.

You collected 344 gold pieces.
You spent 140 gold pieces at shops.

Inventory:

Hand Weapons
 a - a +2 hand axe
 p - a +0 falchion of electrocution (weapon)
Missiles
 f - 13 javelins (quivered)
Armour
 g - a +1 hat (worn)
 q - a +0 chain mail (worn)
 s - a +2 cloak (worn)
 w - a +0 pair of gloves (worn)
Jewellery
 b - a ring of protection from magic (left hand)
Wands
 i - a wand of acid (12)
 n - a wand of flame (32)
 o - a wand of iceblast (9)
Scrolls
 e - 7 scrolls of remove curse
 h - 5 scrolls of identify
 r - 4 scrolls of teleportation
Potions
 k - 3 potions of brilliance
 l - 2 potions of magic
 m - a potion of haste
Books
 d - a book of Party Tricks

   Spells                             Type                      Level
   a - Summon Butterflies             Summoning                    1
   b - Apportation                    Translocation                1
   c - Lesser Beckoning               Translocation                3
   d - Tukima's Dance                 Hexes                        3
   e - Alistair's Intoxication        Transmutation/Poison         5
   f - Invisibility                   Hexes                        6
 j - a book of Minor Magic

   Spells                             Type                      Level
   a - Magic Dart                     Conjuration                  1
   b - Blink                          Translocation                2
   c - Call Imp                       Summoning                    2
   d - Slow                           Hexes                        2
   e - Conjure Flame                  Conjuration/Fire             3
   f - Mephitic Cloud                 Conjuration/Poison/Air       3
Comestibles
 c - 15 rations


   Skills:
 + Level 5.4 Fighting
 + Level 3.7 Long Blades
 + Level 4.1 Axes
 * Level 6.9 Armour
 + Level 2.0 Dodging
 * Level 7.2 Invocations


You had 8 spell levels left.
You didn't know any spells.

Dungeon Overview and Level Annotations

Branches:
Dungeon (8/15)             Temple (0/1) D:7
   Lair: D:8-11

Altars:
Ashenzari
Cheibriados
Fedhas
Gozag
Hepliaklqana
Nemelex Xobeh
Qazlal
Sif Muna
Uskayaw
Vehumet
Yredelemnul
Zin

Shops:
D:4 [

Annotations:
D:4 1 runed door


Innate Abilities, Weirdness & Mutations

You have hooves in place of feet.
Armour fits poorly on your strangely shaped body.
You cover ground very quickly.
You have extremely tough skin. (AC +3)


Message History

* * * LOW HITPOINT WARNING * * *
You feel sick.
Unknown command.
* * * LOW HITPOINT WARNING * * *
You feel sick.
* * * LOW HITPOINT WARNING * * *
You feel sick.
* * * LOW HITPOINT WARNING * * *
You feel sick.
* * * LOW HITPOINT WARNING * * *
You feel sick.
* * * LOW HITPOINT WARNING * * *
You feel sick.
Unknown command.
* * * LOW HITPOINT WARNING * * *
You feel sick.
* * * LOW HITPOINT WARNING * * *
You feel sick.
Unknown command.
You die...

...........##.##..##### #.#
(......(...##.....# #####.#
...........#####.######.....#
.......≈.≈.# #........(#####
......≈≈.≈≈## #.........#
#####≈≈≈.≈≈≈# #.........#
#####≈≈≈_≈≈≈# ##.######.#
.....≈≈≈≈≈≈≈# #......##.#####
......≈≈≈≈≈## #.@....##.....#
.......≈≈≈..# #......######.#
.........##.###......# ####.#
.........##..###.##### #<†..#
.........###.###.# ######
.........# #..##.# .........#
##.##.# .........# #.##.#
.........# #..#.#


There were no monsters in sight!

Vanquished Creatures
  The ghost of strelocc the Arsonist, a novice DEFE of Ashenzari (D:7)
  Eustachio (D:4)
  A steam dragon (D:7)
  A water moccasin (D:7)
  2 sky beasts
  2 ogres
  3 centaurs
  4 bullfrogs
  A water moccasin zombie (D:6)
  A water moccasin skeleton (D:7)
  A scorpion (D:6)
  2 howler monkeys
  A centaur zombie (D:5)
  2 jellies
  An orc priest (D:3)
  Crazy Yiuf (D:4)
  A gnoll shaman (D:7)
  2 iguanas (D:6)
  6 orc wizards
  Jessica (D:2)
  Natasha (thrice) (D:2)
  7 worker ants
  A hound zombie (D:5)
  11 gnolls
  8 adders
  An ooze (D:1)
  A worm (D:2)
  2 dart slugs
  5 leopard geckos
  21 orcs
  3 giant cockroaches
  8 goblins
  11 hobgoblins
  7 jackals
  4 quokkas
  9 bats
  4 frilled lizards
  A jackal zombie (D:4)
  13 kobolds
  A quokka zombie (D:8)
  6 rats
162 creatures vanquished.

Vanquished Creatures (others)
  A crimson imp (D:6)
1 creature vanquished.

Grand Total: 163 creatures vanquished

Notes
Turn   | Place    | Note
-------+----------+-------------------------------------------
     0 | Abyss:1  | Gargoyl the Centaur Abyssal Knight began the quest for the Orb.
     0 | Abyss:1  | Reached XP level 1. HP: 19/19 MP: 2/2
    11 | Abyss:1  | Found a corrupted altar of Lugonu.
   123 | Abyss:2  | Noticed a neqoxec
   150 | Abyss:2  | Noticed a raiju
   153 | Abyss:2  | Noticed a raiju
   153 | D:1      | Escaped the Abyss
   195 | D:1      | Reached * piety under Lugonu
   195 | D:1      | Reached XP level 2. HP: 20/26 MP: 3/3
   863 | D:1      | Reached XP level 3. HP: 31/31 MP: 5/5
  1840 | D:2      | Noticed Natasha
  1845 | D:2      | Killed Natasha
  1845 | D:2      | Reached skill level 1 in Dodging
  1845 | D:2      | Reached skill level 3 in Invocations
  1845 | D:2      | Reached XP level 4. HP: 23/39 MP: 6/6
  1955 | D:2      | Noticed Jessica
  1972 | D:2      | Killed Jessica
  2482 | D:2      | Noticed Natasha
  2530 | D:2      | Killed Natasha
  2530 | D:2      | Reached XP level 5. HP: 24/46 MP: 7/7
  2548 | D:2      | Noticed Natasha
  2717 | D:2      | Killed Natasha
  2927 | D:3      | Reached ** piety under Lugonu
  3291 | D:3      | Found a deep blue altar of Sif Muna.
  3291 | D:3      | Found a sparkling altar of Nemelex Xobeh.
  3955 | D:4      | You fall through a shaft for 2 floors!
  4084 | D:6      | Reached XP level 6. HP: 22/52 MP: 8/8
  4393 | D:6      | HP: 1/52 [orc/falchion of electrocution (13)]
  4415 | D:5      | Entered Level 5 of the Dungeon
  4908 | D:5      | Reached skill level 4 in Invocations
  4996 | D:5      | Found a hazy altar of Hepliaklqana.
  5057 | D:5      | Reached XP level 7. HP: 7/59 MP: 10/10
  5428 | D:5      | Got a bloodstained spear
  5429 | D:5      | Identified the +9 spear of Guilt {pierce, *Slow rPois Int+8 Dex-2} (You found it on level 5 of the Dungeon)
  5598 | D:4      | Found a glowing silver altar of Zin.
  5693 | D:4      | Found a stormy altar of Qazlal.
  5694 | D:4      | Found a blossoming altar of Fedhas.
  5738 | D:3      | Found a snail-covered altar of Cheibriados.
  5772 | D:4      | Found a runed door.
  5772 | D:4      | Noticed a human
  5777 | D:4      | Found a basalt altar of Yredelemnul.
  5811 | D:4      | Found a shattered altar of Ashenzari.
  5811 | D:4      | Noticed Eustachio
  5839 | D:4      | Killed Eustachio
  6153 | D:4      | Found a runed door.
  6253 | D:4      | Found Raicooggyk's Antique Armour Boutique.
  6256 | D:4      | Bought a runed hat for 140 gold pieces
  6474 | D:4      | Noticed Crazy Yiuf
  6523 | D:4      | Killed Crazy Yiuf
  7129 | D:5      | Noticed a dagger
  7131 | D:5      | Noticed a hand axe
  7132 | D:5      | Found a hide-covered altar of Uskayaw.
  7311 | D:5      | Reached skill level 1 in Long Blades
  7735 | D:5      | Reached *** piety under Lugonu
  7735 | D:5      | Reached XP level 8. HP: 54/67 MP: 11/11
  7874 | D:6      | Reached skill level 5 in Invocations
  8406 | D:6      | Reached skill level 5 in Armour
  8665 | D:7      | Noticed strelocc's ghost (novice DEFE)
  9103 | D:7      | Found a radiant altar of Vehumet.
  9175 | D:7      | Found a staircase to the Ecumenical Temple.
  9232 | D:7      | Reached skill level 5 in Fighting
  9917 | D:7      | Killed strelocc's ghost
  9917 | D:7      | Reached XP level 9. HP: 43/74 MP: 13/13
  9929 | D:7      | Found an opulent altar of Gozag.
 10167 | D:7      | Reached skill level 6 in Invocations
 10497 | D:8      | Noticed a two-headed ogre
 10836 | D:8      | Banished a two-headed ogre
 11527 | D:7      | Reached skill level 7 in Invocations
 11809 | D:7      | HP: 2/74 [poisoned by a water moccasin]
 11812 | D:7      | Succumbed to a water moccasin's poison

Skill      XL: |  1  2  3  4  5  6  7  8  9 |
---------------+----------------------------+-----
Axes           | 2 3 4 |  4.1
Armour         | 2 3 4 6 |  6.9
Dodging        | 1 2 |  2.0
Invocations    | 3 4 5 7 |  7.2
Fighting       | 4 5 |  5.4
Long Blades    | 1 3 |  3.7

Action                   |  1- 3 |  4- 6 |  7- 9 || total
-------------------------+-------+-------+-------++-------
Melee: Hand axe          |   106 |   157 |       ||   263
       Kick              |    18 |    35 |    78 ||   131
       Unarmed           |       |     4 |       ||     4
       Falchion          |       |    31 |   309 ||   340
Throw: Javelin           |       |     1 |       ||     1
Invok: Depart the Abyss  |     1 |       |       ||     1
       Banish            |       |       |     4 ||     4
       Bend Space        |       |       |     1 ||     1
  Use: Scroll            |       |     7 |     6 ||    13
       Potion            |       |     4 |     3 ||     7
 Stab: Invisible         |       |       |     1 ||     1
  Eat: Ration            |     1 |     1 |     2 ||     4
       Chunk             |       |     4 |    13 ||    17
Armor: Leather armour    |    65 |    35 |       ||   100
       Skin              |       |    20 |       ||    20
       Ring mail         |       |    31 |       ||    31
       Chain mail        |       |     8 |   306 ||   314
Dodge: Dodged            |    83 |    84 |   106 ||   273
       Rpst.: Falchion   |       |     3 |    36 ||    39
